[Event "Slovakia Open 2022"]
[Site "Bratislava"]
[Date "2022.09.30"]
[Round "3.19"]
[White "Vadila, Ondrej"]
[Black "Melih, Mario"]
[Result "1-0"]
[ECO "A05"]
[WhiteElo "2178"]
[BlackElo "1633"]
[Annotator "TA"]
[PlyCount "65"]
[EventDate "2022.09.30"]
[EventCountry "SVK"]
[SourceTitle "playchess.com"]
[Source "ChessBase"]
[SourceQuality "1"]
[TimeControl "2700+10"]

1. g3 d5 2. Nf3 Nf6 3. Bg2 g6 4. b3 Bg7 5. Bb2 O-O 6. O-O c5 7. c4 d4 8. b4 Nc6 {[%emt 0:00:17] A05: Réti Opening: 1 Nf3 Nf6.} 9. b5 Na5 10. d3 {[%emt 0:00:03] [#]} Ng4 $146 {[%emt 0:00:36] The position is equal.} ({Predecessor:} 10... Re8 11. Re1 e5 12. Ng5 e4 13. Nd2 e3 14. fxe3 Ng4 15. Nxf7 Kxf7 16. Bd5+ Be6 17. exd4 Bxd5 18. cxd5 {0-1 (23) Hamitevici,V (2482)-Kamsky,G (2658) Chess.com INT 2022}) 11. Nbd2 a6 12. Ba3 (12. a4 $11) 12... axb5 $15 13. cxb5 b6 14. Nxd4 Qxd4 $17 15. Bxa8 {[%emt 0:00:05] [#] Hoping for Rb1.} Nxf2 $1 16. Rxf2 {[%emt 0:02:22] Black must now prevent Rb1.} Qxa1 17. Qxa1 Bxa1 18. Rf1 Bd4+ 19. Kg2 Be6 {[%emt 0:01:02][%csl LRa2,LRa8] Prevents Bd5.} 20. Bf3 Bxa2 21. h4 Rd8 22. h5 Bd5 ({Black should play} 22... f6 $19 23. Bc1 Be6) 23. Bxd5 Rxd5 24. hxg6 hxg6 25. Nc4 $2 {[%emt 0:05:45][%mdl 8192] [#] Now White is beyond hope.} (25. Bc1 $17) 25... Nxc4 $19 26. dxc4 {[%emt 0:00:02][%mdl 4096] Endgame KRB-KRB} Re5 27. Re1 Re3 28. Bc1 {[%emt 0:00:04] Black has a decisive advantage.} Rc3 29. Bf4 Rxc4 30. Bc7 Rb4 31. Bxb6 Rxb5 32. Bc7 c4 33. e3 {[%emt 0:00:11][%mdl 32768] Weighted Error Value: White=0.26 (precise) /Black=0.09 (flawless) . Loss on time!?} (33. Rc1 $142) 1-0

[Event "Slovakia Open 2022"]
[Site "Bratislava"]
[Date "2022.09.30"]
[Round "3.20"]
[White "Slivka, Vasil"]
[Black "Stevik, Patrik"]
[Result "0-1"]
[ECO "E61"]
[WhiteElo "1569"]
[BlackElo "2148"]
[Annotator "TA"]
[PlyCount "116"]
[EventDate "2022.09.30"]
[EventCountry "SVK"]
[SourceTitle "playchess.com"]
[Source "ChessBase"]
[SourceQuality "1"]
[TimeControl "2700+10"]

1. d4 g6 2. c4 Bg7 3. Nc3 d6 4. Nf3 Nf6 5. h3 O-O 6. e3 a6 {[%emt 0:00:23][%cal Ba7a6,Ba6b5,Bb5b4,Bb4b3][%mdl 32] E61: King's Indian: Early deviations for White, including Smyslov System.} 7. Bd3 c6 {[%emt 0:00:08][%cal Oe7e5,Bc7c6,Bc6c5,Bc5c4][%mdl 32] [#]} 8. O-O $146 ({Predecessor:} 8. Qc2 b5 9. O-O Bb7 10. e4 bxc4 11. Bxc4 d5 12. exd5 cxd5 13. Bd3 Nc6 14. a3 {½-½ (67) Oyaga Valencia,J (1756)-Egues Oroz,A (1833) Huarte 2010}) 8... b5 {[%emt 0:00:02] White is slightly better.} 9. cxb5 axb5 10. Ne4 Nbd7 11. Ng3 Ba6 12. Re1 c5 13. Qe2 c4 14. Bc2 b4 15. Qd2 (15. e4 $15) 15... Qb6 16. a3 (16. e4 $142) 16... b3 $17 17. Bd1 Rfc8 {[%emt 0:00:06] Black is more active.} 18. Be2 Rab8 (18... Bb7 $19 19. Qd1 Ne4 20. Nxe4 Bxe4) 19. Bf1 $2 {[%emt 0:01:59] [#] This move loses the game for White.} (19. e4 $17) 19... c3 $1 $19 20. bxc3 Bxf1 21. Rxf1 b2 22. Bxb2 Qxb2 23. Qxb2 Rxb2 24. Rfc1 Nb6 25. a4 Ra8 26. a5 Nc4 27. a6 Rb6 28. a7 Rb7 29. Ra4 Nb2 30. Rb4 (30. Rb1 $142 Rb6 31. Ra5 (31. Rb4 $2 Rxb4 32. cxb4 Na4 $19)) 30... Raxa7 31. Rxb7 Rxb7 32. Rb1 Rb6 33. Nd2 Nc4 34. Rxb6 Nxb6 35. c4 Nfd7 36. Nge4 f5 37. Ng5 h6 38. Ne6 Kf7 39. Nxg7 Kxg7 40. Kf1 e5 41. Ke2 Kf6 42. f3 g5 43. g4 (43. g3 $142) 43... exd4 44. exd4 d5 45. c5 Nc4 {[%emt 0:00:04] [#] White must now prevent ...Nxd2.} 46. Nb3 (46. Nb1 $142 f4 47. Nc3) 46... Nb8 47. Kd3 Nc6 48. Ke2 N4a5 49. Nxa5 Nxa5 {[%emt 0:00:02][%mdl 4096] Endgame KN-KP} 50. Kd3 f4 51. Kc3 Nc6 52. Kd3 Ke7 53. Kc3 Kd7 54. Kd3 Kc7 55. Kc3 Kb7 56. Kd3 Ka6 57. Kc3 Kb5 (57... Ka5 $142 58. Kd3 Kb4 59. h4 gxh4 60. Ke2 Nxd4+ 61. Kf1 Kxc5 62. Kf2 h3 63. Kf1 Nxf3 64. g5 hxg5 65. Kf2 h2 66. Kg2 g4 67. Kh1 d4 68. Kg2 d3 69. Kh1 d2 70. Kg2 h1=Q+ 71. Kxh1 d1=Q+ 72. Kg2 Qg1#) 58. Kd3 Kb4 {[%emt 0:00:00] Weighted Error Value: White=0.65/Black=0.13 (very precise)} 0-1

[Event "Slovakia Open 2022"]
[Site "Bratislava"]
[Date "2022.09.30"]
[Round "3.21"]
[White "Lecky, Juraj"]
[Black "Tomcikova, Zuzana"]
[Result "1-0"]
[ECO "E04"]
[WhiteElo "2070"]
[BlackElo "1796"]
[Annotator "TA"]
[PlyCount "51"]
[EventDate "2022.09.30"]
[EventCountry "SVK"]
[SourceTitle "playchess.com"]
[Source "ChessBase"]
[SourceQuality "1"]
[TimeControl "2700+10"]

1. d4 Nf6 2. c4 e6 3. g3 d5 4. Bg2 dxc4 5. Nf3 c5 6. O-O Nc6 7. dxc5 Qxd1 8. Rxd1 Bxc5 9. Nbd2 Nd7 {[%emt 0:04:57] E04: Open Catalan: 5 Nf3.} (9... c3 $11 10. bxc3 O-O) 10. Nxc4 $16 Ke7 {[%emt 0:00:17] [#]} ({Better is} 10... Nb6) 11. a3 $146 (11. Ng5 $142) ({Predecessor:} 11. b3 f6 12. Bb2 b5 13. Ncd2 Rb8 14. Rac1 Nd8 15. Ne4 Bb4 16. a3 Ba5 17. b4 {½-½ (30) Stuehmeier,C (1568)-Rafiee,K (2027) Bad Zwesten 2005}) 11... Nb6 {[%emt 0:02:23] White is better.} 12. Nfe5 Nxe5 13. Nxe5 {[%emt 0:00:04] Black must now prevent b4.} f6 14. Nd3 {[%emt 0:00:04] White is much more active. The black rooks are badly placed.} Bd6 15. Be3 ({White should play} 15. Bd2 $16) 15... Nc4 $11 16. Bc5 $36 {[%emt 0:00:28][%mdl 2048] White has some pressure.} Bxc5 17. Nxc5 Nd6 18. Rac1 {[%emt 0:01:14][%cal Oc5b7] Hoping for Nxb7!} Rb8 {[%emt 0:01:24] [#] This move loses the game for Black.} (18... Rd8 $1 $11 {and Black stays safe.}) 19. Nxb7 $1 $18 Nxb7 (19... Rxb7 $2 20. Bxb7 Rd8 21. Bg2 $18) 20. Rc7+ Kf8 (20... Ke8 $16 {was called for.}) 21. Rdc1 Nd6 22. R1c6 {[%emt 0:00:03][%mdl 64] Inhibits Ba6. Deflection} Ne8 (22... Nb5) 23. Rxc8 Rxb2 24. R6c7 {[%emt 0:01:10] White wants to mate with Bc6.} Rxe2 (24... Rb1+ $18 25. Bf1 a6 26. Rxe8+ Kxe8 27. Rc8+ Kf7 28. Rxh8 Ra1 29. Rxh7 Kg8) 25. Bc6 Re1+ 26. Kg2 {[%emt 0:00:02] Weighted Error Value: White=0.16 (very precise) /Black=0.84} 1-0

[Event "Slovakia Open 2022"]
[Site "Bratislava"]
[Date "2022.09.30"]
[Round "3.22"]
[White "Migalko, Dmitriy"]
[Black "Chlpek, Daniel"]
[Result "0-1"]
[ECO "B52"]
[WhiteElo "1528"]
[BlackElo "2020"]
[Annotator "TA"]
[PlyCount "68"]
[EventDate "2022.09.30"]
[EventCountry "SVK"]
[SourceTitle "playchess.com"]
[Source "ChessBase"]
[SourceQuality "1"]
[TimeControl "2700+10"]

1. e4 c5 2. Nf3 d6 3. Nc3 Nf6 4. Bb5+ Bd7 5. Bxd7+ Nbxd7 6. O-O g6 {[%emt 0:01:02] B52: Sicilian: Moscow Variation with 3...Bd7.} 7. d3 Bg7 8. Bg5 h6 {[%emt 0:00:48] The position is equal.} 9. Bh4 O-O 10. Re1 {[%emt 0:00:03] [#]} Qb6 $146 ({Predecessor:} 10... g5 11. Bg3 Nh5 12. Qd2 Nxg3 13. fxg3 Ne5 14. Rad1 Nc6 15. b3 Qa5 16. Nd5 Qxd2 17. Nxd2 {0-1 (57) Roehrer,S (1212)-Burdot,Y (1195) Mureck 2019}) 11. Rb1 e6 12. e5 dxe5 13. Nxe5 Nxe5 14. Rxe5 Qb4 15. Bxf6 Bxf6 16. a3 $1 Qa5 17. Re2 Rad8 18. Ne4 Bg7 19. c3 c4 20. d4 (20. Rd2 $1 $15) 20... e5 $17 21. Rd2 exd4 22. cxd4 Rfe8 23. Nc3 Qf5 (23... Rd6 $17 24. Ne2 Rde6) 24. g3 h5 {[%emt 0:00:45] Black is much more active. The white rooks are badly placed.} 25. h4 {[%emt 0:00:24] This move loses the game for White.} ({White should play} 25. d5 $15) 25... Bh6 $1 $19 26. f4 $2 (26. Rc2 {is a better chance.}) 26... Bg7 27. Kh2 Re3 28. Qg1 Rde8 {[%emt 0:00:19][%cal Og7d4] aiming for ...Bxd4!} ({Not} 28... Bxd4 29. Rxd4 $1 Qc2+ 30. Kh1 Rxd4 31. Qxe3 $16) 29. Rbd1 $2 (29. Qf1) 29... b5 (29... Bf6 $142 {[%cal Of6h4] ...Bxh4! is the strong threat.} 30. Rg2 {[#]} Bxh4 $1 ) 30. d5 $2 (30. Qg2) 30... Bxc3 31. bxc3 Re2+ 32. Rxe2 Rxe2+ {[%emt 0:00:07] Black mates.} 33. Qg2 Rxg2+ 34. Kxg2 Qc2+ {[%emt 0:00:00] Weighted Error Value: White=0.94/Black=0.26 (precise)} 0-1

[Event "Slovakia Open 2022"]
[Site "Bratislava"]
[Date "2022.09.30"]
[Round "3.23"]
[White "Rosol, Alexander"]
[Black "Babula, Matej"]
[Result "1/2-1/2"]
[ECO "B20"]
[WhiteElo "2041"]
[BlackElo "1864"]
[Annotator "TA"]
[PlyCount "68"]
[EventDate "2022.09.30"]
[EventCountry "SVK"]
[SourceTitle "playchess.com"]
[Source "ChessBase"]
[SourceQuality "1"]
[TimeControl "2700+10"]

1. e4 c5 2. b4 cxb4 3. a3 e5 4. Nf3 Nc6 5. axb4 Bxb4 6. c3 {[%emt 0:00:03] B20: Sicilian: Unusual White 2nd moves.} Be7 7. d4 d6 8. Bb5 {[%emt 0:01:20] The position is equal.} Bd7 9. O-O Nf6 10. d5 Nb8 11. Bd3 O-O 12. Ba3 Bg4 13. Nbd2 Nbd7 14. h3 Bh5 15. Qb3 {[%emt 0:01:03] [#]} b6 $146 ({Predecessor:} 15... Qc7 16. Nh4 Bg6 17. Nxg6 hxg6 18. Nc4 Rfc8 19. Rfe1 a6 20. Bb4 Rab8 21. Na5 Nc5 22. Bxc5 Qxc5 {½-½ (49) Hejsek,L (1747)-Novotny,M (1847) Kouty nad Desnou 2017}) 16. Rfb1 Bg6 17. Qa4 (17. g3 $15) 17... Qc7 (17... Nxd5 $1 $19 18. Re1 a6) 18. Bb5 {[%emt 0:01:46] [#]} (18. Qc6 $15 Rfc8 19. Qxc7 Rxc7 20. c4) 18... Nc5 (18... a6 $1 $17 19. Bc6 Ra7) 19. Bxc5 $11 bxc5 20. Ne1 a5 21. f3 {[%emt 0:00:43] [#]} ({White should try} 21. Bc6 $15 Ra7 22. Nd3) 21... Nh5 $1 $17 22. Nd3 (22. g4 $142 Nf4 23. Bf1) 22... f5 23. Bc6 {[%emt 0:01:21] Black must now prevent Rb7.} Rab8 {[%emt 0:00:20] Against Rb7} 24. exf5 Bxf5 25. Ne4 Bxe4 ({Black should play} 25... Rxb1+ $19 26. Rxb1 Qd8) 26. fxe4 $4 (26. Qxe4 $17 {only move.} Bg5 27. Kh2) 26... Nf4 $2 (26... c4 $19 {is more deadly.} 27. Rxb8 Qxb8 28. Qxc4 Qa7+ 29. Kh2 (29. Kh1 $2 Bh4 $19) 29... Bg5) 27. Nxf4 Rxf4 (27... exf4 $17 28. Bd7 Kh8) 28. Rf1 (28. Rb5 $15 {feels stronger.}) 28... Rxf1+ 29. Rxf1 Rf8 30. Rb1 (30. g3 $15 {might be stronger.}) 30... Rb8 (30... Qd8 $17 31. Qd1 Bg5) 31. Ra1 ({Much worse is} 31. Rxb8+ Qxb8 32. Qb5 Qa7 $15) (31. Rf1 $1 $11) 31... h6 (31... Qb6 $15) 32. Be8 (32. Qxa5 $11 Rb1+ 33. Kf2 (33. Kh2 Qxa5 34. Rxa5 Kf7 $15) 33... Bh4+ 34. Ke3 Re1+ 35. Kd2) 32... Kh7 33. Rf1 Bf6 34. Bb5 Rf8 {[%emt 0:01:23] White happily takes the draw.  Weighted Error Value: White=0.40/Black=0.34} 1/2-1/2

[Event "Slovakia Open 2022"]
[Site "Bratislava"]
[Date "2022.09.30"]
[Round "3.24"]
[White "Mandak, Miroslav"]
[Black "Pasti, Zsombor"]
[Result "1-0"]
[ECO "C33"]
[WhiteElo "1864"]
[BlackElo "1884"]
[Annotator "NA RC COMBH"]
[PlyCount "47"]
[EventDate "2022.09.30"]
[EventCountry "SVK"]
[SourceTitle "playchess.com"]
[Source "ChessBase"]
[SourceQuality "1"]
[TimeControl "2700+10"]

1. e4 e5 2. f4 exf4 3. Bc4 g5 4. Nc3 Bg7 5. d3 c6 6. h4 h6 7. hxg5 hxg5 8. Rxh8 Bxh8 9. Qh5 Qf6 10. Bxf7+ Qxf7 11. Qxh8 d6 12. Nf3 Qg6 13. Bd2 Bg4 14. O-O-O Nd7 15. Rh1 O-O-O 16. Qd4 Bxf3 17. gxf3 Ne5 18. Qf2 Nf6 19. Qg2 Nh5 20. Qh3+ g4 21. Qxh5 Qxh5 22. Rxh5 g3 23. Bxf4 g2 24. Rg5 1-0

[Event "Slovakia Open 2022"]
[Site "Bratislava"]
[Date "2022.09.30"]
[Round "3.25"]
[White "Merva Max"]
[Black "Hnatyshyn, Anastasiia"]
[Result "0-1"]
[ECO "B30"]
[WhiteElo "1000"]
[BlackElo "2087"]
[Annotator "TA"]
[PlyCount "42"]
[EventDate "2022.09.30"]
[EventCountry "SVK"]
[SourceTitle "playchess.com"]
[Source "ChessBase"]
[SourceQuality "1"]
[TimeControl "2700+10"]

1. e4 c5 2. Nf3 Nc6 3. Nc3 g6 4. Bb5 Bg7 5. Na4 Qa5 {[%emt 0:00:45] [#]} 6. c4 $146 {[%emt 0:00:18] B30: Sicilian: 2...Nc6 3 Bb5, lines without ...g6.} (6. Bxc6 $11 {remains equal.} bxc6 7. Nc3) ({Predecessor:} 6. Bxc6 bxc6 7. Nc3 Nf6 8. O-O Ba6 9. Re1 O-O 10. d3 Bb7 11. Ne5 d6 12. Nc4 h5 13. Nxa5 {1-0 (39) Lucutar,S (1001)-Kiss,A (1022) Calimanesti 2013}) 6... Nd4 {[%emt 0:01:33] Black is more active.} 7. Nh4 {[%emt 0:00:37][%mdl 8192] [#]} ({White should play} 7. Nc3 $15) 7... a6 $19 ({Worse is} 7... Nxb5 8. cxb5 d5 9. exd5 $17) 8. O-O {[%emt 0:00:42] Black is clearly winning.} axb5 9. cxb5 Qxa4 10. b3 {[%emt 0:00:08] [#]} Nxb3 $1 11. Qxb3 (11. Rb1 Nxc1) 11... Qxb3 12. axb3 Rxa1 13. Bb2 Bxb2 14. Rxa1 Bxa1 15. d3 d5 16. exd5 Nf6 17. Nf3 O-O 18. Ne5 Rd8 19. g3 Bxe5 {[%emt 0:00:10] Black mates.} 20. d6 Rxd6 21. f4 Bd4+ {[%emt 0:00:03] White got outplayed after the opening.  Weighted Error Value: White=1.80/Black=0.36} 0-1

[Event "Slovakia Open 2022"]
[Site "Bratislava"]
[Date "2022.09.30"]
[Round "3.26"]
[White "Krajnak, Robert"]
[Black "Hasala, Richard"]
[Result "1/2-1/2"]
[ECO "A28"]
[WhiteElo "1931"]
[BlackElo "1537"]
[Annotator "TA"]
[PlyCount "82"]
[EventDate "2022.09.30"]
[EventCountry "SVK"]
[SourceTitle "playchess.com"]
[Source "ChessBase"]
[SourceQuality "1"]
[TimeControl "2700+10"]

1. c4 e5 2. d3 Nf6 3. Nf3 Nc6 4. Nc3 d6 5. g3 Bg4 6. Bg2 {[%emt 0:00:02] A28: English Opening: Four Knights Variation.} Be7 7. Rb1 Qd7 {[%emt 0:00:53] [#]} 8. h4 $146 (8. h3 $14 {is more appropriate.} Be6 9. Ng5) ({Predecessor:} 8. b4 Bh3 9. O-O O-O 10. a4 Rfe8 11. d4 Bxg2 12. Kxg2 e4 13. Ng5 Qf5 14. f4 {0-1 (43) Arroyo Fraile,M (1530)-Vinas Lopez,C (1903) Madrid 2016}) 8... O-O 9. b4 Rab8 10. Nd5 Nxd5 11. cxd5 Nd4 {[%emt 0:00:10] [#]} (11... Nd8 $11 {and Black stays safe.}) 12. e3 $2 (12. Nxd4 $18 {Black must now prevent Nc2.} exd4 13. f3) 12... Nxf3+ $11 13. Bxf3 Bxf3 14. Qxf3 Qb5 15. Rb3 Qa4 (15... Rbc8 $15) 16. Qe2 a6 (16... a5 $5 ) 17. O-O Bf6 18. e4 c6 19. Be3 (19. dxc6 $142 Qxc6 20. Be3) 19... cxd5 20. exd5 Qb5 21. Qf3 Rbc8 22. Rc1 {[%emt 0:01:12] Prevents Rc2.} Rxc1+ 23. Bxc1 Rc8 24. Bg5 Bxg5 25. hxg5 $15 {[%emt 0:00:02][%mdl 4096] Endgame KQR-KQR} Rc2 26. Qd1 Rc8 27. Qf3 Qd7 (27... Rc7 $15) 28. Kg2 $11 Qe7 29. Qg4 Rc2 30. a3 f6 31. g6 {[%emt 0:00:28] Inhibits Qf7.} (31. d4 $11 {remains equal.}) 31... hxg6 $17 32. Qxg6 Qf7 33. Qe4 (33. Qxf7+ $142 Kxf7 34. Kf3) 33... f5 34. Qf3 Rc1 {[%emt 0:04:08] Prevents Rb1.} 35. b5 $2 (35. d4 $17) 35... a5 $2 (35... g5 $19 {and Black stays clearly on top.} 36. Qe3 Qxd5+ 37. f3 Rc2+ 38. Kg1 f4) 36. b6 $2 (36. Rb2 $17) 36... Qg6 $2 (36... g6 {( -> ...Qh7)} 37. g4 Qh7) 37. Qe3 $19 Ra1 38. Rc3 Qh5 $2 $40 {[%emt 0:00:55][%mdl 128] Black has some attack.} (38... Qg4 $19 {...Qd1 is the strong threat.} 39. Rc8+ Kf7) 39. Rc1 (39. Rc8+ $1 $11 Kh7 40. Rc1 Rxc1 41. Qxc1) 39... Rxa3 $17 40. Rc7 $2 (40. Rh1 $17 Qf7 41. Qg5 Qxd5+ 42. Kh2) 40... e4 $19 {[%emt 0:03:11] [#] Strongly threatening ...Ra1.} ({Inferior is} 40... Ra1 41. Rc8+ Kh7 42. Rc1 Rxc1 43. Qxc1 $19) 41. Qd4 {[%emt 0:00:50][%csl Gc7][%cal Rd4g7] Inhibits Ra1.} ({Don't blunder} 41. Rxb7 $2 Ra1 42. Rxg7+ Kf8 $19) 41... Qf3+ {[%emt 0:00:49][%mdl 32768] Weighted Error Value: White=0.80/Black=0.61. An unexpected result.} 1/2-1/2

[Event "Slovakia Open 2022"]
[Site "Bratislava"]
[Date "2022.09.30"]
[Round "3.27"]
[White "Nikpour Aryabod"]
[Black "Mizicka, Matus"]
[Result "0-1"]
[ECO "B23"]
[WhiteElo "1000"]
[BlackElo "1975"]
[Annotator "TA"]
[PlyCount "96"]
[EventDate "2022.09.30"]
[EventCountry "SVK"]
[SourceTitle "playchess.com"]
[Source "ChessBase"]
[SourceQuality "1"]
[TimeControl "2700+10"]

1. e4 c5 2. Nc3 e6 3. f4 a6 4. a4 Nc6 5. Bc4 Qc7 6. d3 {[%emt 0:01:10] B23: Closed Sicilian: Lines without g3.} Be7 7. Nf3 d6 8. O-O {[%emt 0:00:18] The position is equal.} Nf6 9. Qe1 O-O 10. Qg3 Nh5 11. Qh3 g6 {[%emt 0:01:06] [#]} (11... Nf6 $1 $11 {and Black has nothing to worry.}) 12. Ng5 $146 (12. g4 $1 $18 ) ({Predecessor:} 12. f5 exf5 13. exf5 Bxf5 14. g4 Bd7 15. Qg2 Nf6 16. g5 Nh5 17. Nd5 Qd8 18. Re1 {0-1 (32) Leszczynski,T (1676)-Gomes,C (1817) Florianopolis 2017}) 12... Qd8 (12... Bxg5 $14 13. fxg5 Nb4) 13. Bd2 (13. g4 $16 Bxg5 14. fxg5) 13... d5 $1 $11 14. Bb3 (14. g4 $11 dxc4 15. gxh5) 14... e5 $17 15. Qf3 (15. g4 $17 {was the only chance.} c4 16. Ba2) 15... Nd4 (15... Nxf4 $2 16. Bxf4 exf4 17. Nh3 $17 (17. exd5 $2 Nd4 $19)) 16. Qf2 exf4 (16... Nxf4 17. Bxf4 exf4 18. Nf3 Nxb3 19. cxb3) 17. Nf3 Nxb3 18. cxb3 d4 (18... dxe4 $17 19. dxe4 Be6) 19. Nd5 $11 Be6 20. Nxf4 Nxf4 (20... Bxb3 21. Nxh5 gxh5 22. Bh6 $16) 21. Bxf4 Bxb3 (21... f5 $5 22. Bh6 fxe4 23. dxe4 (23. Bxf8 e3 $17) 23... Rf6 $17) 22. Bh6 $1 Re8 23. Ne5 Bh4 24. Qf4 {[%emt 0:02:21] [#]} Qe7 (24... Qf6 $1 $15) 25. Nf3 (25. Nc4 $11 {keeps the balance.}) 25... Bf6 $17 26. Ng5 Bg7 {[%emt 0:00:24] A strong pair of Bishops.} ({Better is} 26... Be5 $17 27. Qf2 b5) 27. Qh4 (27. Bxg7 $11 {remains equal.} Kxg7 28. Ra3 (28. Qh4 $2 h6 $19)) 27... Qf8 28. Bxg7 Qxg7 29. Rf2 h6 $36 {[%emt 0:00:00][%mdl 2048] Black is really pushing.} 30. Nh3 (30. Nf3 $142) 30... Rac8 31. Raf1 Rc7 32. Qg3 Ree7 33. Rf6 Bxa4 34. e5 (34. Qd6 $17) 34... Rc6 $1 $19 35. Qf3 Bb3 36. Nf2 Rce6 (36... Rxe5 $17 37. Rxc6 bxc6 38. Qxc6 f5 39. Qxa6 Kh7) 37. Ng4 (37. Qf4 $1 $11 {and White stays safe.}) 37... h5 38. Rxe6 $2 (38. Rxf7 Rxf7 39. Qxf7+ Qxf7 40. Nh6+ Kg7 41. Nxf7) 38... Bxe6 $2 (38... hxg4 $19 39. Qxg4 Rxe6) 39. Nf6+ $11 Kh8 (39... Kf8 $11) 40. Qe4 $2 (40. Qf4 $1 $14 {was forced to keep a grip.}) 40... Rc7 $4 (40... Qh6 $19 41. Qe1 Bf5) 41. Qe1 $4 {[%emt 0:00:11][%mdl 8192] [#]} (41. Ne8 $1 $18) 41... Bf5 $4 (41... Qh6 $1 $19 {Hoping for ...Rc6.} 42. Ne4 Kg8) 42. Qh4 $2 (42. Ne8 $18 Qg8 43. Nxc7) 42... Rc8 $2 {[%emt 0:00:05][%mdl 8192] [#]} ({Don't take} 42... Bxd3 43. Ne8 Qh6 44. Nxc7 Bxf1 45. Qd8+ Kh7 46. Nd5 $14) (42... Qh6 $11 43. Ng4 Bxg4 44. Qd8+ Kg7 45. Qxc7 Qe3+ 46. Rf2 (46. Kh1 Be6 $17) 46... Qe1+ 47. Rf1 Qe3+ 48. Rf2 (48. Kh1 Be6 $17) 48... Qc1+ 49. Rf1 Qe3+) 43. Rxf5 $1 $18 Qh6 44. Rf1 (44. Rg5 $142 {Black must now prevent Qf4.} Kg7 45. Qf4) 44... Qe3+ {[%emt 0:00:04] [#]} 45. Qf2 $1 Qxd3 $2 (45... Kg7 46. Qxe3 dxe3) 46. Nxh5 $2 Kh7 $2 (46... Qe3 $18) 47. Qxf7+ Kh8 48. Qf6+ Kh7 {[%emt 0:00:00][%mdl 32768] Weighted Error Value: White=0.99/Black=0.80. Sensor Board Error (Ke4/e5)?} 0-1

[Event "Slovakia Open 2022"]
[Site "Bratislava"]
[Date "2022.09.30"]
[Round "3.28"]
[White "Prochazka, Peter"]
[Black "Shykhnenko, Hryhorii"]
[Result "1-0"]
[ECO "C44"]
[WhiteElo "1792"]
[BlackElo "1317"]
[Annotator "NA RC COMBH"]
[PlyCount "51"]
[EventDate "2022.09.30"]
[EventCountry "SVK"]
[SourceTitle "playchess.com"]
[Source "ChessBase"]
[SourceQuality "1"]
[TimeControl "2700+10"]

1. e4 e5 2. d4 exd4 3. c3 dxc3 4. Bc4 Nc6 5. Nf3 Bc5 6. Bxf7+ Kxf7 7. Qd5+ Ke8 8. Qxc5 d6 9. Qxc3 Qf6 10. Bd2 Be6 11. O-O Qxc3 12. Bxc3 Nf6 13. Re1 Kd7 14. e5 Nd5 15. exd6 Nxc3 16. Nxc3 cxd6 17. Rad1 Rhe8 18. Nb5 d5 19. h3 a6 20. Nc3 Kd6 21. Ne4+ Kc7 22. Ng3 Rad8 23. Nd4 Bg8 24. Kf1 Rxe1+ 25. Kxe1 b5 26. Rc1 1-0

[Event "Slovakia Open 2022"]
[Site "Bratislava"]
[Date "2022.09.30"]
[Round "3.29"]
[White "Meszaros, Casey Ryan"]
[Black "Benci, Jozef"]
[Result "1-0"]
[ECO "A06"]
[WhiteElo "1925"]
[BlackElo "1873"]
[Annotator "TA"]
[PlyCount "72"]
[EventDate "2022.09.30"]
[EventCountry "SVK"]
[SourceTitle "playchess.com"]
[Source "ChessBase"]
[SourceQuality "1"]
[TimeControl "2700+10"]

1. b3 d5 2. Bb2 Nf6 3. e3 Nc6 4. Nf3 Bg4 5. Be2 e6 6. h3 {[%emt 0:00:16] A06: Réti Opening: 1 Nf3 d5.} Bh5 7. O-O Bd6 {[%emt 0:00:04] [#]} 8. Nd4 $146 {[%emt 0:00:35] The position is equal.} ({Predecessor:} 8. d4 O-O 9. Nbd2 Ne7 10. c4 c6 11. Rc1 Rc8 12. c5 Bb8 13. b4 Qc7 14. b5 Ne4 15. g3 Nxg3 16. fxg3 Qxg3+ 17. Kh1 Nf5 18. Ne5 {0-1 (18) Rojas Puerta,M (1368)-Morales,L (1703) Medellin 2022}) 8... Bxe2 9. Qxe2 Nxd4 10. Bxd4 O-O 11. Qb5 b6 12. Qe2 e5 13. Bb2 c5 14. d3 Re8 15. Qf3 a5 (15... d4 $142) 16. c4 d4 17. e4 h6 18. Na3 a4 19. Nb5 Bf8 20. Qd1 axb3 21. axb3 {[%emt 0:01:23] [#] Black must now prevent Rxa8.} Qd7 22. Qe2 g6 23. Rxa8 Rxa8 24. Ra1 {[%emt 0:00:09] Against Ra2} Qb7 25. Qd1 Nh5 26. g3 Qc8 {[%emt 0:00:15] ...Rxa1 is the strong threat.} 27. Rxa8 Qxa8 28. Qa1 Qc8 29. Kh2 f5 30. f3 g5 31. Qa7 g4 32. fxg4 fxg4 33. h4 (33. Qxb6 $11 gxh3 34. Qg6+ Ng7 35. Bc1 (35. Qxh6 Qg4 $15)) 33... Qd8 {[%emt 0:00:11] aiming for ...Qf6.} 34. Qc7 {[%emt 0:00:42] [#]} (34. Qa1 $19 Qf6 35. Qe1) 34... Qf6 {[%emt 0:00:15] Black mates.} 35. Kg1 Nxg3 36. Kg2 Qf3+ {[%emt 0:00:26][%mdl 32768] Weighted Error Value: White=0.46/Black=0.07 (flawless) . Loss on time!?} 1-0